 Dungeon Crawl Stone Soup version 0.23.1 (webtiles) character file.

Game seed: 0

47080 Irenicus the Earth Mage (level 14, -3/108 HPs)
             Began as a Deep Dwarf Earth Elementalist on Mar 6, 2019.
             Was the Champion of Makhleb.
             Slain by a spriggan rider
             ... wielding a cursed +0 spear
              (21 damage)
             ... on level 1 of the Swamp.
             The game lasted 01:53:11 (11365 turns).

Irenicus the Earth Mage (DDEE)                     Turns: 11365, Time: 01:53:12

Health: -3/108     AC: 11    Str: 16    XL:     14   Next: 7%
Magic:  4/39 (30)  EV: 11    Int: 20    God:    Makhleb [******]
Gold:   2178       SH:  7    Dex: 13    Spells: 22/38 levels left

rFire    . . .     SeeInvis .   e - +2 dagger (venom)
rCold    . . .     Gourm    +   s - +2 buckler {rN+}
rNeg     + + .     Faith    .   L - +1 ring mail of the Other World {rElec rPois Str+3}
rPois    +         Spirit   .   y - +1 helmet (curse)
rElec    +         Reflect  .   (no cloak)
rCorr    .         Harm     .   h - +1 pair of gloves
MR       +++..                  (no boots)
Stlth    ++........             F - amulet of the gourmand {Gourm, !d}
HPRegen  0.00/turn              B - ring of protection from magic {MR+, !d}
MPRegen  0.26/turn              I - ring of magical power {MP+9}

@: very slightly contaminated, non-regenerating, studying Staves, invisible,
very slow
A: damage resistance, heal wounds, negative energy resistance 1, sense
surroundings 2, no regeneration
a: Heal Wounds, Minor Destruction, Lesser Servant of Makhleb, Major Destruction,
Greater Servant of Makhleb, Renounce Religion


You were on level 1 of the Swamp.
You worshipped Makhleb.
Makhleb was exalted by your worship.
You were very full.

You visited 4 branches of the dungeon, and saw 21 of its levels.
You also visited: Sewer and Ice Cave.

You collected 2178 gold pieces.

Inventory:

Hand Weapons
 e - a +2 dagger of venom (weapon)
   (You took it off a goblin on level 1 of the Dungeon)
Missiles
 p - 127 stones (quivered)
 R - a throwing net {=f, !d}
Armour
 h - a +1 pair of gloves (worn)
   (You found it on level 2 of the Dungeon)
 s - a +2 buckler of positive energy (worn)
   (You found it on level 1 of the Swamp)
 y - a cursed +1 helmet (worn)
   (You found it on level 6 of the Lair of Beasts)
 L - the +1 ring mail of the Other World (worn) {rElec rPois Str+3}
   (You found it on level 1 of the Lair of Beasts)

   It affects your strength (+3).
   It insulates you from electricity.
   It protects you from poison.
Magical Staves
 O - an uncursed staff of poison {rPois}
   (You found it on level 1 of the Lair of Beasts)
 V - an uncursed staff of energy {@w1+MP, hungerless spells, !d!a}
   (You found it on level 5 of the Lair of Beasts)
Jewellery
 f - an uncursed ring of see invisible {sInv, !d}
   (You found it in an ice cave)
 k - an uncursed ring of stealth {Stlth+}
   (You found it on level 3 of the Dungeon)
 o - an uncursed amulet of rage {+Rage, !d}
   (You found it on level 9 of the Dungeon)
 v - a +1 ring of protection
   (You found it on level 9 of the Dungeon)
 w - an uncursed ring of resist corrosion
   (You found it on level 5 of the Dungeon)
 B - a ring of protection from magic (left hand) {MR+, !d}
   (You found it on level 6 of the Dungeon)
 F - an amulet of the gourmand (around neck) {Gourm, !d}
   (You found it on level 12 of the Dungeon)
 I - a ring of magical power (right hand) {MP+9}
   (You found it on level 12 of the Dungeon)
 J - an uncursed ring of poison resistance {rPois, !d}
   (You found it in an ice cave)
 K - an uncursed ring of ice {rC+, rF-}
   (You found it in an ice cave)
 X - the ring "Eveejet" {+Fly rElec Int+4}
   (You found it on level 5 of the Lair of Beasts)

   [ring of flight]

   It affects your intelligence (+4).
   It insulates you from electricity.
   It lets you fly.
Wands
 i - a wand of polymorph (20)
   (You found it on level 4 of the Dungeon)
 A - a wand of iceblast (15)
   (You found it on level 9 of the Dungeon)
 P - a wand of acid (17)
   (You found it on level 2 of the Lair of Beasts)
 Z - a wand of flame (29)
   (You found it on level 6 of the Lair of Beasts)
Scrolls
 a - 11 scrolls of remove curse
 b - 2 scrolls of immolation {!r}
 g - 2 scrolls of amnesia
 q - 9 scrolls of teleportation
 r - 3 scrolls of magic mapping {!r}
 u - 2 scrolls of blinking {!r}
 D - 2 scrolls of fog
 G - a scroll of silence
 H - 2 scrolls of fear
 N - a scroll of enchant weapon
Potions
 c - 4 potions of magic
 j - 2 potions of brilliance
 l - 3 potions of curing
 m - a potion of flight
 n - 6 potions of haste
 t - 2 potions of ambrosia
 z - 2 potions of cancellation
 Q - 2 potions of heal wounds
 U - a potion of lignification {!q}
 W - a potion of might
Books
 T - a manual of Staves {!d}
   (You found it on level 3 of the Lair of Beasts)
Miscellaneous
 E - a crystal ball of energy
   (You found it on level 11 of the Dungeon)
Comestibles
 d - 30 rations


   Skills:
 - Level 2.1 Fighting
 - Level 4.2 Short Blades
 - Level 5.0 Armour
 - Level 2.1 Dodging
 - Level 7.1 Stealth
 - Level 4.1 Shields
 + Level 12.5 Spellcasting
 - Level 3.0 Conjurations
 + Level 2.5 Necromancy
 - Level 8.1 Transmutations
 - Level 17.2 Earth Magic
 - Level 4.6 Evocations


You had 22 spell levels left.
You knew the following spells:

 Your Spells              Type           Power        Failure   Level  Hunger
a - Sandblast             Erth           ######       0%          1    None
c - Petrify               Tmut/Erth      ######..     1%          4    None
w - Passwall              Tmut/Erth      ######..     1%          2    None
x - Stone Arrow           Conj/Erth      ######       1%          3    None
z - Lee's Rapid Deconstr  Erth           ######....   1%          5    ####...
A - Animate Skeleton      Necr           N/A          3%          1    None

Your spell library contained the following spells:

 Spells                   Type           Power        Failure   Level  Hunger
 Pain                     Necr           ###.         3%          1    None
 Corpse Rot               Necr           N/A          4%          2    None
 Sublimation of Blood     Necr           ###.......   4%          2    None
 Flame Tongue             Conj/Fire      ###..        5%          1    None
 Shock                    Conj/Air       ###.         5%          1    None
 Throw Flame              Conj/Fire      ###...       8%          2    None
 Throw Frost              Conj/Ice       ###...       8%          2    None
 Freeze                   Ice            ##..         10%         1    None
 Vampiric Draining        Necr           ###.......   10%         3    None
 Conjure Flame            Conj/Fire      ###.....     16%         3    None
 Dazzling Spray           Conj/Hex       ###...       16%         3    None
 Ice Form                 Ice/Tmut       ####....     19%         4    None
 Inner Flame              Hex/Fire       ##......     28%         3    None
 Ozocubu's Armour         Chrm/Ice       ##......     28%         3    None
 Animate Dead             Necr           N/A          32%         4    None
 Sticky Flame             Conj/Fire      ###.....     45%         4    None
 Throw Icicle             Conj/Ice       ###.....     45%         4    None
 Bolt of Draining         Conj/Necr      ###.......   63%         5    ####...
 Summon Ice Beast         Ice/Summ       ##......     67%         4    None
 Agony                    Necr           ###.....     67%         5    ####...
 Dispel Undead            Necr           ###.....     67%         5    ####...
 Fireball                 Conj/Fire      ###.......   82%         5    ####...
 Excruciating Wounds      Chrm/Necr      ###.......   85%         5    ####...
 Conjure Ball Lightning   Conj/Air       ###.......   100%        6    #####..
 Ozocubu's Refrigeration  Ice            ##........   100%        6    #####..
 Orb of Destruction       Conj           ###.......   100%        7    #######
 Regeneration             Chrm/Necr      Unusable     N/A         3    N/A

Dungeon Overview and Level Annotations

Branches:
Dungeon (12/15)            Temple (1/1) D:4            Lair (6/6) D:8
  Swamp (2/4) Lair:4       Spider (0/4) Lair:2        Slime (0/5) Lair:5
    Orc (0/2) D:9

Altars:
Ashenzari
Cheibriados
Elyvilon
Fedhas
Kikubaaqudgha
Makhleb
Nemelex Xobeh
Ru
Sif Muna
Trog
Uskayaw
Vehumet
Wu Jian
Zin
The Shining One

Shops:
D:4 (

Portals:
Trove: D:12 (give 7 scrolls of blinking)

Annotations:
D:6 2 runed translucent doors, Kairos's ghost, novice VSAK
Lair:1 3 runed translucent doors, Tiareth's ghost, journeyman DEWz


Innate Abilities, Weirdness & Mutations

You are resistant to damage.
You can heal yourself by infusing magical energy.
You resist negative energy. (rN+)
You passively map the area around you.
You do not regenerate.


Message History

Aim: an alligator skeleton (moderately damaged)
The blast of sand hits the alligator skeleton!!
p - 129 stones The alligator skeleton bites you.
* * * LOW HITPOINT WARNING * * *
The alligator skeleton tail-slaps you.
You take 3 damage, and have 30/108 hp.
Aim: an alligator skeleton (heavily damaged)
The blast of sand hits the alligator skeleton!!
p - 128 stones The alligator skeleton misses you.
The alligator skeleton tail-slaps you but does no damage.
You now have 5/39 mp.
Aim: an alligator skeleton (almost destroyed)
The blast of sand hits the alligator skeleton!
You destroy the alligator skeleton!
p - 127 stones You now have 4/39 mp.
You enter the shallow water.
Moving in this stuff is going to be slow.
You see here a swamp dragon corpse.
You attempt to give life to the dead...
You hear a splash.
Before your eyes, flesh is ripped from the corpse!
The dead are flying!
You see here 6 inedible chunks of flesh {@w0}.
You now have 4/39 mp.
q - 9 scrolls of teleportation (gained 1)
You enter the shallow water.
Moving in this stuff is going to be slow.
You enter the shallow water.
Moving in this stuff is going to be slow.
You are no longer poisoned.
s - a glowing buckler
There are no items here.
Okay, then.
Wear which item? (? for menu, Esc to quit)
You start removing your armour.
You continue taking off your +2 buckler. x4
You finish taking off your +2 buckler.
You start putting on your armour.
You continue putting on your glowing buckler. x5
You finish putting on your +2 buckler of positive energy.
You feel more protected from negative energy.
You regained 3 mp, and now have 12/39 mp.
Drop what? 49/52 slots (_ for help) (? for menu, Esc to quit)
You drop a +2 buckler.
You fall through a shaft!
The shaft crumbles and collapses.
Found a scroll of magic mapping.
Found a stone staircase leading down and a stone staircase leading up. 2 tyrant leeches and a bog body come into view.
The bog body moves out of view.
A ghost crab comes into view.
The ghost crab breathes spectral mist at you.
The spectral mist engulfs you but does no damage.
Found a stone staircase leading up.
You are engulfed in spectral mist.
* * * LOW HITPOINT WARNING * * *
You take 9 damage, and have 21/108 hp.
You block the spectral alligator's attack.
The spectral alligator misses you.
The tyrant leech is engulfed in spectral mist.
There is a stone staircase leading up here.
The spectral alligator bites you!
* * * LOW HITPOINT WARNING * * *
The spectral alligator tail-slaps you but does no damage.
The tyrant leech is engulfed in spectral mist.
You climb upwards.
A spriggan rider comes into view. It is wielding a +0 spear.
There is a stone staircase leading down here.
You take 8 damage, and have 13/108 hp.
Okay, then.
Okay, then.
Here: a tyrant leech Some shallow water.
You feel much better. The tyrant leech bites you.
You regained 21 hp, and now have 34/108 hp.
You fade into invisibility!
The spriggan rider shouts!
You are very lightly contaminated with residual magic.
Nothing appears to happen.
You now have 11/39 mp.
There are monsters nearby!
Unknown command.
Aim: a tyrant leech (chance to defeat MR: 60%)
The tyrant leech is moving more slowly.
The tyrant leech bites you!
* * * LOW HITPOINT WARNING * * *
You take 6 damage, and have 28/108 hp.
You now have 8/39 mp.
Aim: a spriggan rider, wielding a +0 spear (water, chance to defeat MR: 13%)
The spriggan rider resists with almost no effort.
You block the spriggan rider's attack. The tyrant leech bites you!
* * * LOW HITPOINT WARNING * * *
You take 10 damage, and have 18/108 hp.
You now have 4/39 mp.
You enter the shallow water.
Moving in this stuff is going to be slow. ...and don't expect to remain undetected.
The tyrant leech stops moving altogether!
The spriggan rider hits you from afar with a cursed +0 spear!!
You die...

♣♣....≈≈≈≈≈≈. ,
.≈≈..≈≈≈≈≈≈. *
.≈≈..≈≈≈.≈.♣♣
≈≈≈..≈≈≈≈≈≈.♣♣
≈≈.≈≈≈≈≈≈≈≈≈.♣ *
≈..≈≈≈≈≈≈≈≈≈≈♣ *
♣.≈≈≈iw§≈≈≈.♣♣
♣.≈≈≈.>≈≈≈≈.≈♣
♣.≈≈≈≈≈@≈≈≈..♣*
≈≈≈≈≈≈≈≈≈≈≈§...♣
.≈..≈≈≈≈≈≈≈≈.≈♣♣ *
, .≈≈.≈≈≈≈≈≈≈..≈♣
*, ≈
.....≈.≈...≈≈.♣ ,
≈ ≈
*≈..≈≈...♣♣≈≈≈≈..,
≈ ** ♣♣.≈.....
.≈≈≈≈≈ ,, * ,,
♣≈≈.... ≈≈≈≈≈§ ≈≈
≈ ≈ ≈ , *


You could see a tyrant leech (petrified) and a spriggan rider.

Vanquished Creatures
  Josephine (Lair:5)
  2 ice dragons (IceCv)
  2 hydras
  3 catoblepae
  3 two-headed ogres
  An alligator (Swamp:1)
  A swamp dragon (Swamp:1)
  4 ugly things
  An oklob plant (Lair:5)
  A black mamba (Lair:6)
  8 spiny frogs
  2 ice statues (IceCv)
  A centaur skeleton (D:12)
  4 rime drakes
  5 komodo dragons
  A troll (D:10)
  A tyrant leech (Swamp:1)
  5 polar bears
  8 hornets
  A bog body (Swamp:1)
  9 blink frogs
  2 dream sheep (Lair:6)
  6 hippogriffs
  15 spriggans
  33 yaks
  3 wyverns
  A shadow (Swamp:1)
  5 wraiths (Lair:5)
  Eustachio (D:5)
  A basilisk (Lair:6)
  A swamp worm (Lair:4)
  26 water moccasins
  7 porcupines
  2 sky beasts
  5 black bears
  16 ice beasts
  A necrophage (D:8)
  8 ogres
  4 orc warriors
  A phantom (D:11)
  4 boggarts (Lair:6)
  22 wolves
  10 crocodiles
  10 centaurs
  5 big kobolds
  17 bullfrogs
  2 wyvern zombies
  6 scorpions
  5 killer bees (D:8)
  A howler monkey (D:4)
  6 electric eels
  3 bullfrog zombies
  5 crimson imps
  2 centaur zombies
  A quasit (D:7)
  A gnoll shaman (D:7)
  A jelly (D:8)
  5 orc priests
  9 hounds
  12 orc wizards
  A bullfrog skeleton (D:11)
  2 iguanas (D:7)
  6 worker ants
  7 hell rats (Lair:3)
  A hound skeleton (D:8)
  A worker ant zombie (D:6)
  5 gnolls
  A howler monkey skeleton (D:6)
  36 adders
  7 river rats (Sewer)
  2 shadow imps
  4 oozes
  2 adder skeletons
  3 worms (D:2)
  A dart slug (D:4)
  5 leopard geckos
  32 orcs
  11 bats
  8 giant cockroaches
  5 hobgoblins
  15 jackals
  5 quokkas
  11 ball pythons
  A ball python skeleton (D:4)
  6 frilled lizards
  7 goblins
  24 kobolds
  2 quokka skeletons
  A quokka zombie (D:6)
  24 rats
565 creatures vanquished.

Vanquished Creatures (collateral kills)
  A swamp worm (Swamp:1)
1 creature vanquished.

Vanquished Creatures (others)
  22 fungi
  4 plants
26 creatures vanquished.

Grand Total: 592 creatures vanquished

Notes
Turn   | Place    | Note
-------+----------+-------------------------------------------
     0 | D:1      | Irenicus the Deep Dwarf Earth Elementalist began the quest
                  | for the Orb.
     0 | D:1      | Reached XP level 1. HP: 15/15 MP: 3/3
   151 | D:1      | Irenicus: ?? hornet
   151 | D:1      | beem: hornet[1/1]: Paralyses on hit, checking rPois.
   209 | D:1      | Reached XP level 2. HP: 22/22 MP: 0/4
   215 | D:1      | Learned a level 2 spell: Passwall
   303 | D:1      | Reached skill level 5 in Earth Magic
   384 | D:1      | Reached skill level 2 in Spellcasting
   602 | D:2      | Reached XP level 3. HP: 26/28 MP: 4/6
   678 | D:2      | Reached skill level 6 in Earth Magic
   828 | D:2      | Reached XP level 4. HP: 27/36 MP: 3/7
  1228 | D:3      | Found a burning altar of Makhleb.
  1232 | D:3      | Reached skill level 7 in Earth Magic
  1238 | D:3      | Became a worshipper of Makhleb the Destroyer
  1278 | D:3      | Reached XP level 5. HP: 27/42 MP: 2/8
  1404 | D:3      | Reached skill level 8 in Earth Magic
  1505 | D:3      | Irenicus: ?? ring of stealth
  1505 | D:3      | beem: modified stealth[1/1]: /3 when confused, +80 shadow
                  | card effect, +50 for every ring/boots of stealth/artefact
                  | +, -50 for every ring of loudness/artefact -, -(2/3 *
                  | ER^2), +50 in water if you are Op or Mf, /2 if you are size<=normal and can't swim, -10/15/20 for hooves 1/2/3, -50 silence.>
                  | ERROR: string above had unterminated tag
  1535 | D:4      | Found a sparkling altar of Nemelex Xobeh.
  1537 | D:4      | Found a hide-covered altar of Uskayaw.
  1540 | D:4      | Found an ornate altar of the Wu Jian Council.
  1541 | D:4      | Found a snail-covered altar of Cheibriados.
  1542 | D:4      | Found a bloodstained altar of Trog.
  1542 | D:4      | Found a white marble altar of Elyvilon.
  1542 | D:4      | Found a blossoming altar of Fedhas.
  1542 | D:4      | Found an ancient bone altar of Kikubaaqudgha.
  1543 | D:4      | Found a glowing silver altar of Zin.
  1545 | D:4      | Found a radiant altar of Vehumet.
  1546 | D:4      | Found a deep blue altar of Sif Muna.
  1547 | D:4      | Found a shattered altar of Ashenzari.
  1588 | D:4      | Found a staircase to the Ecumenical Temple.
  1598 | Temple   | Entered the Ecumenical Temple
  1634 | D:4      | Found Zewas's Weapon Emporium.
  1646 | D:4      | Reached skill level 3 in Stealth
  1659 | D:4      | Reached XP level 6. HP: 34/49 MP: 1/9
  1679 | D:4      | Learned a level 5 spell: Lee's Rapid Deconstruction
  1753 | D:4      | Found a transporter.
  1779 | D:4      | Found a transporter.
  1824 | D:4      | Reached skill level 4 in Stealth
  1863 | D:4      | Reached * piety under Makhleb
  1895 | D:4      | Found a glowing drain.
  1906 | Sewer    | Entered a sewer
  1912 | Sewer    | Irenicus: ??spellcasting
  1912 | Sewer    | beem: spellcasting[1/1]: Gives you an extra spell slot for
                  | every half of a level in spellcasting. Raising your
                  | spellcasting also gives you more MP, lowers {spell hunger},
                  | and slightly boosts {spell success} and {spell power} for
                  | all spells.
  1980 | Sewer    | Reached skill level 9 in Earth Magic
  2006 | Sewer    | Reached XP level 7. HP: 18/55 MP: 0/11
  2020 | Sewer    | Learned a level 3 spell: Stone Arrow
  2068 | Sewer    | Reached skill level 3 in Spellcasting
  2083 | Sewer    | HP: 13/55 [rat (1)]
  2091 | Sewer    | Reached ** piety under Makhleb
  2100 | Sewer    | HP: 11/55 [rat (2)]
  2156 | Sewer    | Reached skill level 1 in Short Blades
  2165 | Sewer    | Reached skill level 2 in Short Blades
  2285 | D:4      | Reached skill level 3 in Short Blades
  2301 | D:4      | You fall through a shaft!
  2301 | D:5      | Entered Level 5 of the Dungeon
  2370 | D:5      | Irenicus: ??shaft
  2370 | D:5      | beem: shaft[1/2]: A trap that drops you 1-3 floors and then
                  | disappears. Formicids have the ability to shaft themselves.
  2370 | D:5      | Irenicus: ??shaft [2
  2370 | D:5      | beem: shaft[2/2]: Hidden shafts won't spawn a floor above
                  | the bottom of branches with dangerous ends (that is: all
                  | rune ends, Elf, Zot, Crypt), and long shafts won't lead
                  | into the bottom of those branches either. Shafts don't
                  | spawn on levels that don't have anything below them,
                  | either, like rune branch ends or Pan levels, and don't
                  | spawn in Tomb either.
  2422 | D:5      | Reached skill level 4 in Short Blades
  2496 | D:5      | Noticed Eustachio
  2504 | D:5      | Reached XP level 8. HP: 52/63 MP: 0/12
  2541 | D:5      | Killed Eustachio
  2541 | D:5      | Reached skill level 1 in Fighting
  2541 | D:5      | Reached skill level 1 in Conjurations
  2691 | D:6      | Reached *** piety under Makhleb
  2771 | D:6      | Reached skill level 2 in Fighting
  2771 | D:6      | Reached skill level 2 in Conjurations
  2851 | D:6      | Found a large runed translucent door.
  2851 | D:6      | Found a large runed translucent door.
  2852 | D:6      | Noticed Kairos's ghost (novice VSAK)
  2874 | D:6      | Noticed a hornet
  2884 | D:6      | Killed a hornet
  2884 | D:6      | Reached skill level 4 in Spellcasting
  2884 | D:6      | Reached skill level 3 in Conjurations
  3127 | D:6      | Irenicus: ?? block
  3127 | D:6      | beem: block ~ blocking ~ shield[1/5]: Wearing a shield
                  | gives you a chance to block all damage from some attacks,
                  | including arrows, melee, and some spells. Shields prevent
                  | off-hand attacks, and until you have enough skill they also
                  | slow your melee attacks and make it harder to cast spells.
  3395 | D:7      | Reached skill level 5 in Spellcasting
  3465 | D:7      | Reached skill level 10 in Earth Magic
  3510 | D:7      | Gained mutation: You passively map the area around you.
                  | [Deep Dwarf growth]
  3510 | D:7      | Reached XP level 9. HP: 73/73 MP: 3/16
  3552 | D:7      | Reached skill level 5 in Stealth
  3722 | D:7      | Learned a level 4 spell: Petrify
  3810 | D:7      | Reached skill level 1 in Transmutations
  3951 | D:8      | Reached skill level 2 in Transmutations
  3951 | D:8      | Reached skill level 11 in Earth Magic
  4008 | D:8      | Noticed a two-headed ogre
  4037 | D:7      | Reached skill level 3 in Transmutations
  4107 | D:8      | Reached **** piety under Makhleb
  4158 | D:8      | Reached skill level 4 in Transmutations
  4172 | D:8      | Reached skill level 12 in Earth Magic
  4215 | D:8      | HP: 17/73 [hippogriff (6)]
  4217 | D:8      | Reached skill level 5 in Transmutations
  4237 | D:8      | HP: 7/73 [orc warrior/+0 battleaxe (19)]
  4241 | D:8      | Reached XP level 10. HP: 17/80 MP: 2/17
  4251 | D:8      | HP: 13/80 [necrophage (4)]
  4289 | D:8      | HP: 15/80 [centaur/arrow (8)]
  4325 | D:8      | Reached skill level 6 in Transmutations
  4420 | D:8      | Found a staircase to the Lair.
  4453 | D:8      | Reached skill level 1 in Shields
  4589 | D:9      | Reached skill level 1 in Evocations
  4675 | D:9      | Reached skill level 2 in Shields
  4705 | D:9      | Reached skill level 2 in Evocations
  4833 | D:9      | Found a staircase to the Orcish Mines.
  4836 | D:9      | Noticed a two-headed ogre
  4844 | D:9      | Reached skill level 3 in Evocations
  4858 | D:9      | Killed a two-headed ogre
  4858 | D:9      | Reached ***** piety under Makhleb
  4858 | D:9      | Reached skill level 4 in Shields
  4858 | D:9      | Reached skill level 4 in Evocations
  5126 | D:8      | Killed a two-headed ogre
  5126 | D:8      | Reached skill level 7 in Transmutations
  5192 | D:10     | Entered Level 10 of the Dungeon
  5226 | D:10     | Found a hide-covered altar of Uskayaw.
  5233 | D:10     | Reached skill level 8 in Transmutations
  5492 | D:10     | Reached XP level 11. HP: 25/86 MP: 1/18
  5565 | D:10     | Noticed a two-headed ogre
  5571 | D:10     | HP: 14/86 [orc priest/divine providence (12)]
  5597 | D:10     | Killed a two-headed ogre
  5597 | D:10     | Reached skill level 13 in Earth Magic
  5871 | D:10     | Reached skill level 14 in Earth Magic
  6142 | D:11     | Noticed a green ugly thing
  6155 | D:11     | Killed a green ugly thing
  6155 | D:11     | Reached skill level 6 in Spellcasting
  6456 | D:12     | Found a portal to a secret trove of treasure.
  6508 | D:12     | Reached skill level 7 in Spellcasting
  6659 | D:12     | Found a frozen archway.
  6659 | D:12     | Noticed a cyan ugly thing
  6672 | D:12     | Killed a cyan ugly thing
  6703 | D:12     | Noticed a brown ugly thing
  6704 | D:12     | Noticed a red ugly thing
  6715 | D:12     | Killed a brown ugly thing
  6735 | D:12     | Killed a red ugly thing
  6735 | D:12     | Reached skill level 8 in Spellcasting
  6798 | IceCv    | Entered an ice cave
  6942 | IceCv    | Irenicus: ?? frozen
  6942 | IceCv    | beem: flash freeze[1/1]: A conjuration on Antaeus in 0.14
                  | (and rime drakes in 0.18), and a random chance per {blood
                  | saint} {legendary destruction} cast. Does partially
                  | irresistible cold damage, decently hurts. Gives a Frozen
                  | status that slows the targets movement for three turns, but
                  | also blocks flash freeze being cast on said target.
  6943 | IceCv    | Reached XP level 12. HP: 86/93 MP: 21/24
  6990 | IceCv    | Reached skill level 9 in Spellcasting
  7051 | IceCv    | Noticed an ice dragon
  7051 | IceCv    | Noticed an ice dragon
  7065 | IceCv    | Killed an ice dragon
  7065 | IceCv    | Reached skill level 6 in Stealth
  7077 | IceCv    | Killed an ice dragon
  7077 | IceCv    | Reached skill level 7 in Stealth
  7314 | Lair:1   | Entered Level 1 of the Lair of Beasts
  7446 | Lair:1   | Got a bronze ring mail
  7547 | Lair:1   | Identified the +1 ring mail of the Other World {rElec rPois
                  | Str+3} (You found it on level 1 of the Lair of Beasts)
  7644 | Lair:1   | Reached skill level 1 in Armour
  7648 | Lair:1   | Reached skill level 2 in Armour
  7710 | Lair:1   | Found a runed translucent gate.
  7711 | Lair:1   | Found a runed translucent gate.
  7712 | Lair:1   | Found a runed translucent gate.
  7714 | Lair:1   | Noticed a minotaur
  7721 | Lair:1   | Noticed Tiareth's ghost (journeyman DEWz)
  7783 | Lair:1   | Reached skill level 3 in Armour
  8020 | Lair:2   | Found a hole to the Spider Nest.
  8094 | Lair:2   | Noticed a catoblepas
  8101 | Lair:2   | Killed a catoblepas
  8101 | Lair:2   | Reached skill level 4 in Armour
  8216 | Lair:2   | Noticed a six-headed hydra
  8227 | Lair:2   | Killed a six-headed hydra
  8227 | Lair:2   | Reached skill level 5 in Armour
  8325 | Lair:2   | Reached ****** piety under Makhleb
  8407 | Lair:2   | Reached skill level 10 in Spellcasting
  9076 | Lair:3   | Reached XP level 13. HP: 99/99 MP: 27/27
  9148 | Lair:4   | Found a hide-covered altar of Uskayaw.
  9242 | Lair:4   | Reached skill level 15 in Earth Magic
  9301 | Lair:4   | Found a staircase to the Swamp.
  9619 | Lair:5   | Noticed Josephine
  9628 | Lair:5   | Reached skill level 11 in Spellcasting
  9629 | Lair:5   | Killed Josephine
  9674 | Lair:5   | Found a staircase to the Slime Pits.
  9695 | Lair:5   | Found an ancient bone altar of Kikubaaqudgha.
  9796 | Lair:5   | Got the ring "Eveejet" {+Fly}
  9798 | Lair:5   | Identified the ring "Eveejet" {+Fly rElec Int+4} (You found
                  | it on level 5 of the Lair of Beasts)
 10090 | Lair:5   | Irenicus: ?? staff of energy
 10090 | Lair:5   | beem: staff of energy[1/1]: When wielded, removes spell
                  | hunger and can be evoked for {channeling}.
 10101 | Lair:6   | Entered Level 6 of the Lair of Beasts
 10117 | Lair:6   | Identified 2 scrolls of acquirement
 10208 | Lair:6   | Reached skill level 16 in Earth Magic
 10640 | Lair:6   | Reached skill level 12 in Spellcasting
 10782 | Lair:6   | Reached skill level 17 in Earth Magic
 10914 | Lair:6   | HP: 22/99 [catoblepas (13)]
 10952 | Lair:6   | HP: 12/99 [spiny frog (18)]
 11230 | Lair:4   | Identified the Disquisition on Hurtful Cold (You acquired
                  | it on level 4 of the Lair of Beasts)
 11238 | Lair:4   | Learned a level 1 spell: Animate Skeleton
 11239 | Swamp:1  | Entered Level 1 of the Swamp
 11247 | Swamp:1  | HP: 13/99 [something (27)]
 11251 | Swamp:1  | Reached skill level 1 in Necromancy
 11251 | Swamp:1  | Gained mutation: You resist negative energy. (rN+) [Deep
                  | Dwarf growth]
 11251 | Swamp:1  | Reached XP level 14. HP: 50/108 MP: 30/30
 11256 | Swamp:1  | HP: 26/108 [tyrant leech (28)]
 11307 | Swamp:1  | Reached skill level 2 in Necromancy
 11308 | Swamp:1  | HP: 22/108 [spiny frog (9)]
 11310 | Swamp:1  | HP: 8/108 [spiny frog (14)]
 11350 | Swamp:1  | You fall through a shaft!
 11354 | Swamp:2  | HP: 21/108 [something] (9)]
 11364 | Swamp:1  | HP: 18/108 [tyrant leech (10)]
 11365 | Swamp:1  | Slain by a spriggan rider

Skill      XL: |  1  2  3  4  5  6  7  8  9 10 11 12 13 14 |
---------------+-------------------------------------------+-----
Earth Magic    | 5 6 7 8 9 10 12 14 17 | 17.2
Spellcasting   | 2 3 5 8 10 12 | 12.5
Stealth        | 3 4 5 7 |  7.1
Short Blades   | 4 |  4.2
Fighting       | 2 |  2.1
Conjurations   | 3 |  3.0
Transmutations | 5 8 |  8.1
Shields        | 4 |  4.1
Evocations     | 4 |  4.6
Armour         | 5 |  5.0
Necromancy     | 1 2 |  2.5
Dodging        | |  2.1

Action                   |  1- 3 |  4- 6 |  7- 9 | 10-12 | 13-15 || total
-------------------------+-------+-------+-------+-------+-------++-------
Melee: Unarmed           |     1 |       |       |       |       ||     1
       Dagger            |    16 |    52 |   171 |   268 |   157 ||   664
 Cast: Sandblast         |    45 |    86 |   119 |   197 |   112 ||   559
       Passwall          |     2 |     6 |    11 |    29 |     6 ||    54
       Stone Arrow       |       |       |    17 |     9 |     2 ||    28
       Lee's Rapid Decon |       |       |     3 |    25 |    20 ||    48
       Petrify           |       |       |     3 |    68 |    57 ||   128
       Animate Skeleton  |       |       |       |       |     2 ||     2
 Abil: Heal Wounds       |       |     1 |       |     2 |       ||     3
Evoke: Wand              |       |     1 |       |       |    12 ||    13
  Use: Potion            |       |     3 |     6 |     4 |     8 ||    21
       Scroll            |       |     7 |    14 |    13 |     8 ||    42
 Stab: Sleeping          |     5 |     7 |     5 |    23 |     4 ||    44
       Invisible         |       |       |     3 |       |       ||     3
       Petrified         |       |       |     3 |   118 |    86 ||   207
       Petrifying        |       |       |       |     5 |     7 ||    12
       Distracted        |       |       |       |     1 |       ||     1
  Eat: Chunk             |       |     5 |     8 |    25 |    22 ||    60
       Ration            |       |       |     1 |     1 |       ||     2
Armor: Robe              |    11 |     5 |       |       |       ||    16
       Skin              |       |    22 |     5 |       |       ||    27
       Leather armour    |       |    14 |   103 |    41 |       ||   158
       Ring mail         |       |       |       |    38 |    72 ||   110
Dodge: Dodged            |    22 |    50 |   241 |   163 |   113 ||   589
Block: Buckler           |       |       |       |    67 |    73 ||   140

Levels and vault maps discovered:
D:1:      minmay_arrival_split_and_join, layout_loops_ring
D:2:      layout_basic, dk_noncrumbling_2, grunt_ministairs_12
D:3:      layout_rooms, makhleb_heckhound_becter, first_ration,
          minmay_misc_feat_enclosed
D:4:      gammafunk_wand_slinger, layout_cave_pools, minitemple,
          minmay_temple_entry_mist, serial_shops,
          nicolae_shop_temple_entry_statues_fountains, portal_sewer_entry_f,
          cheibrodos_gnoll_hut
D:5:      layout_cave_pools, uniq_eustachio
D:6:      layout_layer_cave, ebering_ghost_disaster_area
D:7:      layout_loops_ring
D:8:      layout_cave_pools, due_lair_maze_entry_diamond, serial_column_ruins,
          column_ruins_grid_3, column_ruins_open_tiny, column_ruins_open_small,
          column_ruins_open_tiny, column_ruins_columns_water,
          column_ruins_open_tiny, column_ruins_open_medium
D:9:      layout_basic, orc_0_dummy
D:10:     layout_long_grid, basic_altar
D:11:     layout_basic, the_bakery
D:12:     layout_gridville, portal_ice_cave_entry_pillars_1, enter_trove_6
Temple:   compressed_dpeg_triangle_lava_temple
Lair:1:   layout_cave_pods, maelrawn_ghost_gauntlet_escape,
          grunt_forest_large_clearing_hut
Lair:2:   lemuel_reptile_caves, layout_gridlike, spider_nest_entry_web_field,
          st_stairs_8
Lair:3:   layout_small_grid, chequers_serial_rivers_room_b, minivault_23,
          beast_lair_carwin_11, grunt_megastairs_3, serial_bayou_shore_a
Lair:4:   layout_gridlike, minmay_swamp_entry_worms, basic_altar
Lair:5:   statuecave_lemuel, layout_regular_city, slime_dummy,
          lemuel_oklob_altar, grunt_megastairs_2, uniq_josephine
Lair:6:   minmay_lair_end_enchanted_forest, layout_long_grid,
          serial_bayou_ford_a, serial_bayou_pond_a,
          nicolae_quartered_pool_super, lookout_lair_type
Swamp:1:  layout_basic_swamp, evilmike_swamp_ruin_house_1,
          infiniplex_staircase_pool_2
Swamp:2:  layout_basic_swamp, evilmike_swamp_ruin_rubble_1
Sewer:    sewer_minmay_w
IceCv:    ice_cave_small_dragons

Table legend:
 A = Turns spent in this place as a percentage of turns spent in the entire game.
 B = Non-inter-level travel turns spent in this place as a percentage of non-inter-level travel turns spent in the entire game.
 C = Inter-level travel turns spent in this place as a percentage of turns spent in this place.
 D = Turns resting spent in this place as a percentage of non-inter-level travel turns spent in this place.
 E = Turns spent auto-exploring this place as a percentage of non-inter-level travel turns spent in this place.
 F = Non-inter-level travel turns spent in this place divided by the number of levels of this place that you've seen.
                   A       B       C       D       E      F
               +-------+-------+-------+-------+-------+----------------------
         Total | 100.0 | 100.0 |   0.3 |   0.0 |   0.0 | 492.7
       Dungeon |  58.0 |  58.2 |   0.0 |   0.0 |   0.0 | 549.2
        Temple |   0.0 |   0.0 |   0.0 |   0.0 |   0.0 |   2.0
          Lair |  34.5 |  34.4 |   0.8 |   0.0 |   0.0 | 648.8
         Swamp |   1.1 |   1.1 |   0.0 |   0.0 |   0.0 |  63.0
         Sewer |   2.8 |   2.8 |   0.0 |   0.0 |   0.0 | 315.0
      Ice Cave |   3.6 |   3.6 |   0.0 |   0.0 |   0.0 | 406.0
               +-------+-------+-------+-------+-------+----------------------

Table legend:
 A = Kills in this place as a percentage of kills in entire the game.
 B = Kills by you in this place as a percentage of kills by you in the entire game.
 C = Kills by friends in this place as a percentage of kills by friends in the entire game.
 D = Other kills in this place as a percentage of other kills in the entire game.
 E = Experience gained in this place as a percentage of experience gained in the entire game.
 F = Experience gained in this place divided by the number of levels of this place that you have seen.
                   A       B       C       D       E      F
               +-------+-------+-------+-------+-------+----------------------
         Total | 100.0 | 100.0 | 100.0 |   N/A | 100.0 | 2924.3
       Dungeon |  52.3 |  52.4 |   0.0 |   N/A |  29.1 | 1628.6
          Lair |  33.9 |  34.0 |   0.0 |   N/A |  56.5 | 6332.0
         Swamp |   1.8 |   1.6 | 100.0 |   N/A |   5.8 | 1957.0
         Sewer |   8.5 |   8.5 |   0.0 |   N/A |   0.6 | 419.0
      Ice Cave |   3.5 |   3.5 |   0.0 |   N/A |   8.0 | 5390.0
               +-------+-------+-------+-------+-------+----------------------
